 Dungeon Crawl Stone Soup version 0.26-a0-1033-gd598b01645 (webtiles) character file.

Game seed: 11211877981726046344

77 PentaManta the Cudgeller (level 4, -1/72 HPs)
             Began as an Ogre Berserker on Dec 10, 2020.
             Was a Believer of Trog.
             Slain by an adder (2 damage)
             ... on level 2 of the Dungeon.
             The game lasted 00:03:10 (1871 turns).

PentaManta the Cudgeller (Ogre Berserker)           Turns: 1871, Time: 00:03:11

Health: -1/72      AC:  3    Str: 22    XL:     4   Next: 33%
Magic:  13/13      EV: 10    Int:  8    God:    Trog [**....]
Gold:   23         SH:  0    Dex:  8    Spells: 3/3 levels left

rFire    . . .     SeeInvis .   a - +0 mace
rCold    . . .     Faith    .   (no shield)
rNeg     . . .     Spirit   .   b - +0 animal skin
rPois    .         Reflect  .   (helmet restricted)
rElec    .         Harm     .   (no cloak)
rCorr    .         Rampage  .   (gloves unavailable)
Will     .....                  (boots unavailable)
Stlth    ..........             (no amulet)
HPRegen  0.22/turn              f - ring of magical power
MPRegen  0.13/turn              (no ring)

@: berserking, lethally poisoned (-1 -> -6), very quick
A: large, unfitting armour, tough skin 1
a: Berserk, Trog's Hand, Renounce Religion


You were on level 2 of the Dungeon.
You worshipped Trog.
Trog was pleased with you.
You visited 1 branch of the dungeon, and saw 2 of its levels.

You collected 23 gold pieces.

Inventory:

Hand Weapons
 a - a +0 mace (weapon)
 d - a +0 dagger
Armour
 b - a +0 animal skin (worn)
Jewellery
 f - a ring of magical power (left hand)
Scrolls
 c - a scroll of enchant weapon {unknown}
 g - a scroll of fog {unknown}
Potions
 e - 3 potions of cancellation {unknown}
 h - a potion of mutation {unknown}
 i - 2 potions of brilliance {unknown}


   Skills:
 - Level 4.0 Fighting
 + Level 4.5 Maces & Flails
 - Level 2.6 Dodging


You had 3 spell levels left.
You didn't know any spells.
Your spell library was empty.

Dungeon Overview and Level Annotations

Branches:
Dungeon (2/15)

Altars:


Innate Abilities, Weirdness & Mutations

You are too large for most types of armour.
You have tough skin. (AC +1)


Message History

The adder poisons you! The adder closely misses you.
You closely miss the adder.
The adder is severely wounded.
* * * LOW HITPOINT WARNING * * *
You feel sick. The adder bites you.
* * * LOW HITPOINT WARNING * * *
You hit the adder but do no damage.
The adder is severely wounded.
* * * LOW HITPOINT WARNING * * *
You feel sick. The adder closely misses you. The adder bites you.
* * * LOW HITPOINT WARNING * * *
You miss the adder.
The adder is severely wounded.
* * * LOW HITPOINT WARNING * * *
You feel sick. The adder closely misses you.
A red film seems to cover your vision as you go berserk!
You feel yourself moving faster!
You feel mighty!
* * * LOW HITPOINT WARNING * * *
You feel sick. The adder closely misses you. The adder bites you.
You die...

###.... #..... #...
#..... #....
#...##.+....
#...##.#.... #...#
....<### # #...# #.....
#####...####.#.#########
'...+...'.......@S......
#####...####.#.###...###
'(..'...'........+ ..+
#####...####.#.### .# #
#...# #.#.# .. ### #...#
#.#.# ## ..# #...# #.#.#
..# ##### #+#.# ..# ..#


You could see an adder.

Vanquished Creatures
  Robin (D:2)
  An adder (D:2)
  A dart slug (D:1)
  2 bats (D:1)
  A giant cockroach (D:1)
  11 goblins
  14 hobgoblins
  4 jackals (D:1)
  6 kobolds
  A ball python (D:1)
  A frilled lizard (D:1)
  3 rats (D:1)
46 creatures vanquished.

Notes
Turn   | Place    | Note
-------+----------+-------------------------------------------
     0 | D:1      | PentaManta the Ogre Berserker began the quest for the Orb.
     0 | D:1      | Reached XP level 1. HP: 24/24 MP: 1/1
    51 | D:1      | Reached XP level 2. HP: 17/32 MP: 2/2
   401 | D:1      | You fall into a shaft and drop 1 floor!
   468 | D:2      | Reached XP level 3. HP: 35/39 MP: 3/3
   660 | D:1      | Reached ** piety under Trog
  1385 | D:1      | You fall into a shaft and drop 1 floor!
  1394 | D:2      | Noticed Robin
  1412 | D:2      | Killed Robin
  1416 | D:2      | Reached XP level 4. HP: 39/48 MP: 4/4
  1869 | D:2      | HP: 2/48 [adder (4)]
  1871 | D:2      | Slain by an adder

Illustrated notes

Levels and vault maps discovered:
D:1:      psy_arrival_spokes, layout_loops_ring
D:2:      layout_basic, serial_glass, glass_columns_b, glass_columns_b,
          nicolae_ru_path_of_blood, uniq_sigmund, uniq_jessica, uniq_robin

Skill      XL: |  1  2  3 |
---------------+----------+-----
Maces & Flails | 3 4 |  4.5
Fighting       | |  4.0
Dodging        | |  2.6

Action                   |  1- 3 |  4- 6 || total
-------------------------+-------+-------++-------
Melee: Mace              |    60 |     6 ||    66
       Dagger            |    86 |    61 ||   147
Invok: Berserk           |     2 |     1 ||     3
       Trog's Hand       |     1 |       ||     1
Armor: Animal skin       |    54 |    14 ||    68
Dodge: Dodged            |   107 |    35 ||   142

Table legend: (Time is in decaauts)
 A = Elapsed time spent in this place.
 B = Non-inter-level travel time spent in this place.
 C = Inter-level travel time spent in this place.
 D = Time resting spent in this place.
 E = Time spent auto-exploring this place.
 F = Levels seen in this place.
 G = Mean time per level.
                   A        B        C        D        E       F      G
               +--------+--------+--------+--------+--------+-----+--------+
         Total |   1904 |   1904 |      0 |    299 |   1215 |   2 |  952.0 |
       Dungeon |   1904 |   1904 |      0 |    299 |   1215 |   2 |  952.0 |
               +--------+--------+--------+--------+--------+-----+--------+

Top non-repeatable levels by time:
     D:1: 1334 daAuts
     D:2: 569 daAuts
